 Dungeon Crawl Stone Soup version 0.27-a0-765-ge4d627daa3 (webtiles) character file.

Game seed: 9817663430706803261

40 spiderkeys the Poker (level 3, -2/49 HPs)
             Began as a Minotaur Berserker on Mar 25, 2021.
             Was a Believer of Trog.
             Slain by an ogre
             ... wielding a +0 giant spiked club
              (19 damage)
             ... on level 2 of the Dungeon.
             The game lasted 00:01:17 (1400 turns).

spiderkeys the Poker (Minotaur Berserker)           Turns: 1400, Time: 00:01:18

Health: -2/49      AC:  3    Str: 22    XL:     3   Next: 30%
Magic:  2/2        EV: 12    Int:  4    God:    Trog [**....]
Gold:   14         SH:  0    Dex:  9    Spells: 2/2 levels left

rFire    . . .     SeeInvis .   a - +0 spear
rCold    . . .     Faith    .   (no shield)
rNeg     . . .     Spirit   .   b - +0 animal skin
rPois    .         Reflect  .   (helmet restricted)
rElec    .         Harm     .   (no cloak)
rCorr    .         Rampage  .   i - +0 pair of gloves
Will     .....                  (no boots)
Stlth    ..........             (no amulet)
HPRegen  0.16/turn              (no ring)
MPRegen  0.08/turn              (no ring)

@: berserking, very quick
A: horns 2, retaliatory headbutt
a: Renounce Religion, Berserk, Trog's Hand


You were on level 2 of the Dungeon.
You worshipped Trog.
Trog was pleased with you.
You visited 1 branch of the dungeon, and saw 2 of its levels.

You collected 14 gold pieces.

Inventory:

Hand Weapons
 a - a +0 spear (weapon)
Armour
 b - a +0 animal skin (worn)
 i - a +0 pair of gloves (worn)
Scrolls
 c - a scroll of amnesia {unknown}
 d - a scroll of blinking {unknown}
 e - a scroll of magic mapping {unknown}
 h - a scroll of random uselessness {unknown}
Potions
 f - a potion of brilliance {unknown}
 g - 2 potions of heal wounds {unknown}


   Skills:
 + Level 4.0 Fighting
 * Level 4.4 Polearms
 + Level 2.9 Armour
 + Level 2.6 Dodging


You had 2 spell levels left.
You didn't know any spells.
Your spell library contained the following spells:

 Spells                   Type           Power      Damage    Failure   Level
 Animate Skeleton         Necr           0%         N/A       50%         1
 Apportation              Tloc           0%         N/A       50%         1
 Corona                   Hex            0%         N/A       50%         1
 Summon Small Mammal      Summ           0%         N/A       50%         1


Dungeon Overview and Level Annotations

Branches:
Dungeon (2/15)

Altars:


Innate Abilities, Weirdness & Mutations

You have a pair of horns on your head.
You reflexively headbutt those who attack you in melee.


Message History

Key pressed, stopping explore.
There is an open door here.
Done exploring.
Done exploring.
Done exploring.
Done exploring.
No target in view!
Search for what [? for help]? .
You see here a +0 pair of gloves.
i - a +0 pair of gloves You start putting on your armour.
You continue putting on your +0 pair of gloves. x4
You finish putting on your +0 pair of gloves.
Unknown command.
There is a stone staircase leading down here.
You climb downwards.
A kobold and an ogre come into view.
The kobold shouts!
The ogre shouts!
There is a stone staircase leading up here.
Okay, then.
There's nothing to open nearby.
Okay, then.
You completely miss the ogre. You headbutt the ogre.
The ogre is lightly wounded.
The ogre barely misses you.
You hit the ogre but do no damage. You headbutt the ogre.
The ogre is moderately wounded.
You barely miss the ogre.
The ogre is moderately wounded.
The ogre closely misses you.
You hit the ogre.
The ogre is heavily wounded.
The kobold hits you with a +0 dagger.
The ogre hits you with a +0 giant spiked club!!
Ouch! That really hurt!
A red film seems to cover your vision as you go berserk!
You feel yourself moving faster!
You feel mighty! The kobold hits you with a +0 dagger.
The ogre hits you with a +0 giant spiked club!!
You die...

##+# ##...#
#.....# ......K##
##
......O@####...##
.........<.......
...............##
.......#.###...#
#.....##.# ..#
##...# #.# .#
##+# #.. # ###


You could see an ogre and a kobold.

Vanquished Creatures
  A dart slug (D:1)
  4 ball pythons (D:1)
  6 endoplasms (D:1)
  2 giant cockroaches (D:1)
  A goblin (D:1)
  A hobgoblin (D:1)
  5 jackals (D:1)
  3 kobolds (D:1)
  4 quokkas (D:1)
  3 bats (D:1)
  A rat (D:1)
31 creatures vanquished.

Notes
Turn   | Place    | Note
-------+----------+-------------------------------------------
     0 | D:1      | spiderkeys the Minotaur Berserker began the quest for the
                  | Orb.
     0 | D:1      | Reached XP level 1. HP: 19/19 MP: 0/0
   147 | D:1      | Reached XP level 2. HP: 21/27 MP: 1/1
   763 | D:1      | Reached XP level 3. HP: 33/33 MP: 2/2
   982 | D:1      | Reached ** piety under Trog
  1393 | D:2      | Noticed an ogre
  1400 | D:2      | Slain by an ogre

Illustrated notes

Levels and vault maps discovered:
D:1:      mainiacjoe_arrival_reflecting_pool, layout_basic,
          minmay_strange_pillars
D:2:      layout_loops_corners, zin_purify, uniq_robin

Skill      XL: |  1  2 |
---------------+-------+-----
Polearms       | 4 |  4.4
Fighting       | 4 |  4.0
Armour         | |  2.9
Dodging        | |  2.6

Action                   || total
-------------------------++-------
Melee: Spear             ||    85
       Headbutt          ||    10
Invok: Berserk           ||     1
 Stab: Sleeping          ||     1
Armor: Animal skin       ||     7
Dodge: Dodged            ||    44

Table legend: (Time is in decaauts)
 A = Elapsed time spent in this place.
 B = Non-inter-level travel time spent in this place.
 C = Inter-level travel time spent in this place.
 D = Time resting spent in this place.
 E = Time spent auto-exploring this place.
 F = Levels seen in this place.
 G = Mean time per level.
                   A        B        C        D        E       F      G
               +--------+--------+--------+--------+--------+-----+--------+
         Total |   1391 |   1364 |     27 |      0 |   1215 |   2 |  695.5 |
       Dungeon |   1391 |   1364 |     27 |      0 |   1215 |   2 |  695.5 |
               +--------+--------+--------+--------+--------+-----+--------+

Top non-repeatable levels by time:
     D:1: 1384 daAuts
     D:2: 6 daAuts
